 Dungeon Crawl Stone Soup version 0.28.0-49-g6dfe1f597d (webtiles) character file.

Game seed: 17063668857964021788

506 nickcage the Stinger (level 6, 0/28 HPs)
             Began as a Spriggan Venom Mage on May 18, 2022.
             Was an Initiate of Dithmenos.
             Killed from afar by a white imp (8 damage)
             ... with a puff of frost
             ... on level 5 of the Dungeon.
             The game lasted 00:14:26 (5709 turns).

nickcage the Stinger (Spriggan Venom Mage)          Turns: 5709, Time: 00:14:27

Health: 0/28       AC:  2    Str:  4    XL:     6   Next: 97%
Magic:  9/11       EV: 17    Int: 19    God:    Dithmenos [......]
Gold:   300        SH:  5    Dex: 15    Spells: 1/11 levels left

rFire   . . .      SeeInvis +   k - +2 dagger (holy)
rCold   . . .      Faith    .   (no shield)
rNeg    . . .      Spirit   .   a - +0 robe
rPois   .          Reflect  +   (helmet restricted)
rElec   .          Harm     .   (no cloak)
rCorr   .          Rampage  .   (gloves unavailable)
Will    +....                   (boots unavailable)
Stlth   ++........              g - amulet of reflection
HPRegen 0.09/turn               (no ring)
MPRegen 0.12/turn               (no ring)

@: very quick
A: very small, no large weapons, unfitting armour, see invisible, speed 3
a: Renounce Religion


You were on level 5 of the Dungeon.
You worshipped Dithmenos.
Dithmenos was noncommittal.
You visited 2 branches of the dungeon, and saw 6 of its levels.

You collected 300 gold pieces.

Inventory:

Hand Weapons
 e - a +0 dagger
 k - a +2 dagger of holy wrath (weapon)
Armour
 a - a +0 robe (worn)
Jewellery
 c - an amulet of guardian spirit
 g - an amulet of reflection (around neck)
Scrolls
 b - a scroll of blinking
 d - a scroll of amnesia
 f - 3 scrolls of identify
 i - a scroll of holy word {unknown}
Potions
 h - a potion of magic {unknown}
 l - a potion of mutation
 m - a potion of might
 n - a potion of resistance


   Skills:
 + Level 2.0 Short Blades
 - Level 2.6 Dodging
 + Level 3.0 Stealth
 - Level 3.0 Spellcasting
 - Level 2.0 Transmutations
 - Level 7.5 Poison Magic


You had one spell level left.
You knew the following spells:

 Your Spells              Type           Power      Damage    Failure   Level
a - Sting                 Tmut/Pois      80%        1d7       2%          1
b - Poisonous Vapours     Pois/Air       34%        N/A       4%          2
c - Mephitic Cloud        Conj/Pois/Air  12%        N/A       16%         3
d - Olgreb's Toxic Radia  Pois           31%        N/A       7%          4

Your spell library contained the following spells:

 Spells                   Type           Power      Damage    Failure   Level
 Animate Skeleton         Necr           4%         N/A       16%         1
 Pain                     Necr           8%         1d4       16%         1
 Portal Projectile        Hex/Tloc       4%         N/A       41%         3
 Vampiric Draining        Necr           2%         2d6       41%         3
 Animate Armour           Summ/Erth      4%         N/A       83%         4
 Blade Hands              Tmut           5%         N/A       88%         5
 Excruciating Wounds      Necr           1%         N/A       99%         5
 Iron Shot                Conj/Erth      1%         9d1       100%        6


Dungeon Overview and Level Annotations

Branches:
Dungeon (5/15)             Temple (1/1) D:4

Altars:
Cheibriados
Dithmenos
Elyvilon
Fedhas
Hepliaklqana
Kikubaaqudgha
Makhleb
Nemelex Xobeh
Okawaru
Qazlal
Trog
Uskayaw
Vehumet
Wu Jian
Xom
Yredelemnul
Zin
The Shining One


Innate Abilities, Weirdness & Mutations

You are very small and have problems with some larger weapons.
You are too small for most types of armour.
You have supernaturally acute eyesight. (SInv)
You cover ground extremely quickly. (Speed+++)


Message History

You hit the quokka.
You kill the quokka!
Dithmenos accepts your kill.
i - a scroll labelled FIMALY KUBIP A white imp comes into view.
The white imp shouts, "Out, out, thou venomed onion-eyed snake-molt!"
The white imp gestures at you. The puff of frost misses you.
The sting hits the white imp but does no damage.
The white imp is poisoned.
The sting hits the white imp.
The white imp partially resists.
The white imp is lightly wounded.
You hit the white imp but do no damage.
The white imp is lightly wounded.
The white imp hits you but does no damage.
You hit the white imp but do no damage.
The white imp is lightly wounded.
The white imp gestures at you. The puff of frost hits you!
The sting hits the white imp.
The white imp partially resists.
The white imp is moderately wounded.
The white imp looks more healthy.
The white imp gestures at you. The puff of frost hits you!
* * * LOW HITPOINT WARNING * * *
You are too injured to fight recklessly!
You hit the white imp.
The white imp convulses.
The white imp is heavily wounded.
The white imp gestures at you. The puff of frost misses you.
You barely miss the white imp.
The white imp is heavily wounded.
You block the white imp's attack.
You hit the white imp.
The white imp convulses.
The white imp is heavily wounded.
You hit the white imp but do no damage.
The white imp is heavily wounded.
The white imp gestures at you. The puff of frost hits you!
You die...

...# #.##..# ...# #.#...
.### #.#..# . .#
#..#.#.. .###
########..#...# ...#
#..........# .#.. .#.#
#.#####..#.#....
...#####.##........#
...........†....@#.#
>..#####.##.#....5......
....# #.##.##.......##.
###.# #.##.###.##.....#
# #.# #..... ..# #..#..
#.# ####.##### #...# #.#
#.# ##.. #.# #.# ## #.#
#.#


You could see a white imp.

Vanquished Creatures
  A sky beast (D:5)
  A bullfrog (D:5)
  A killer bee (D:4)
  3 hounds
  A jelly (D:4)
  An iguana (D:5)
  A scorpion zombie (D:5)
  A howler monkey skeleton (D:2)
  5 adders
  An ufetubus (D:4)
  A worm (D:2)
  A dart slug (D:1)
  2 orcs
  5 bats
  8 endoplasms
  5 giant cockroaches
  4 goblins
  5 hobgoblins
  5 quokkas
  10 ball pythons
  2 frilled lizards
  7 kobolds
  7 rats
78 creatures vanquished.

Vanquished Creatures (others)
  12 fungi (D:4)
12 creatures vanquished.

Grand Total: 90 creatures vanquished

Notes
Turn   | Place    | Note
-------+----------+-------------------------------------------
     0 | D:1      | nickcage the Spriggan Venom Mage began the quest for the
                  | Orb.
     0 | D:1      | Reached XP level 1. HP: 9/9 MP: 5/5
   170 | D:1      | Reached XP level 2. HP: 13/13 MP: 3/6
  1044 | D:1      | Found a faded altar of an unknown god.
  1088 | D:2      | Reached skill level 4 in Poison Magic
  1088 | D:2      | Reached XP level 3. HP: 16/16 MP: 8/8
  1482 | D:2      | Reached XP level 4. HP: 20/21 MP: 6/9
  1485 | D:2      | Learned a level 2 spell: Poisonous Vapours
  1489 | D:2      | Learned a level 3 spell: Mephitic Cloud
  2634 | D:3      | Reached skill level 5 in Poison Magic
  3355 | D:3      | Reached XP level 5. HP: 24/24 MP: 2/10
  3362 | D:3      | Learned a level 4 spell: Olgreb's Toxic Radiance
  3443 | D:3      | Found an iron altar of Okawaru.
  3443 | D:3      | Found an ornate altar of the Wu Jian Council.
  3741 | D:4      | Reached skill level 1 in Short Blades
  4193 | D:4      | Found a staircase to the Ecumenical Temple.
  4198 | D:4      | Reached skill level 6 in Poison Magic
  4207 | Temple   | Entered the Ecumenical Temple
  4412 | Temple   | Became a worshipper of Dithmenos the Shadowed
  4745 | D:4      | Reached XP level 6. HP: 23/28 MP: 6/11
  4891 | D:4      | Found a basalt altar of Yredelemnul.
  5083 | D:5      | Entered Level 5 of the Dungeon
  5462 | D:5      | Noticed a sky beast
  5479 | D:5      | Killed a sky beast
  5480 | D:5      | Reached skill level 7 in Poison Magic
  5709 | D:5      | Killed from afar by a white imp

Illustrated notes

Levels and vault maps discovered:
D:1:      dpeg_arrival_solitude, layout_loops_cross,
          ebering_ecumenical_altar_rust
D:2:      layout_basic, interstate_on_off, grunt_ministairs_1
D:3:      layout_rooms, jmf_multi_god_temple, minmay_cupped
D:4:      layout_loops_ring, kennysheep_mini_moat, minmay_temple_entry_trees,
          serial_aquarium, aquarium_bridge_square [aquarium_subvault_wall,
          aquarium_subvault_wall, aquarium_subvault_bridge,
          aquarium_subvault_wall], aquarium_window_1,
          aquarium_window_corridor_1, aquarium_view_2d, aquarium_view_2g,
          minmay_misc_feat_room
D:5:      kennysheep_kobold_camp, layout_loops_corners,
          nicolae_ru_sacrificial_ziggurat, hangedman_decor_peaks_small
Temple:   regret_index_temple_generic_petals

Skill      XL: |  1  2  3  4  5  6 |
---------------+-------------------+-----
Spellcasting   | 3 |  3.0
Poison Magic   | 4 5 6 7 |  7.5
Transmutations | 2 |  2.0
Short Blades   | 1 2 |  2.0
Dodging        | |  2.6
Stealth        | |  3.0

Action                   |  1- 3 |  4- 6 || total
-------------------------+-------+-------++-------
Melee: Unarmed           |     1 |       ||     1
       Dagger            |    21 |    73 ||    94
       Punch             |       |     1 ||     1
 Cast: Sting             |    44 |    96 ||   140
  Use: Scroll            |       |     8 ||     8
 Stab: Sleeping          |     8 |     7 ||    15
Armor: Robe              |     2 |     8 ||    10
Dodge: Dodged            |    41 |    68 ||   109
Block: Other             |       |    16 ||    16
